 Dungeon Crawl Stone Soup version 0.30-a0-358-g0d69a1922f (webtiles) character file.

Game seed: 2077751612247750400

2706 kae the Transmogrifier (level 9, 0/76 HPs)
             Began as a Purple Draconian Transmuter on Nov 8, 2022.
             Was an Initiate of Ru.
             Slain by a two-headed ogre
             ... wielding a +0 giant spiked club
              (31 damage)
             ... on level 8 of the Dungeon.
             The game lasted 00:06:06 (7931 turns).

kae the Transmogrifier (DrTm)                       Turns: 7931, Time: 00:06:07

Health: 0/76       AC:  8    Str: 13    XL:     9   Next: 39%
Magic:  16/19      EV: 10    Int: 17    God:    Ru [......]
Gold:   244        SH:  0    Dex: 12    Spells: 11/21 levels left

rFire   . . .      SeeInvis .      - Unarmed
rCold   + + +      Faith    .    (shield currently unavailable)
rNeg    . . .      Spirit   .    (body armour unavailable)
rPois   +          Reflect  .    (helmet currently unavailable)
rElec   .          Harm     .    (cloak currently unavailable)
rCorr   .          Rampage  .    (gloves currently unavailable)
Will    ++...                    (boots currently unavailable)
Stlth   +.........               A - amulet of the acrobat
HPRegen 0.32/turn                s - ring of willpower
MPRegen 0.16/turn                F - ring of protection from fire

@: ice-form
A: freezing attack, amphibious, boosted hp, (breathe power), AC +7, large,
unfitting armour, (cold-blooded)
a: End Transformation, Renounce Religion


You were on level 8 of the Dungeon.
You worshipped Ru.
Ru was noncommittal.
You were a creature of crystalline ice.
You visited 2 branches of the dungeon, and saw 9 of its levels.

You collected 244 gold pieces.


Innate Abilities, Weirdness & Mutations

You are a creature of crystalline ice.
You have a powerful freezing melee attack.
You are amphibious.
Your maximum health is increased.
Your armour is entirely melded.
You are incapable of wielding weapons or throwing items.
((You can breathe bolts of dispelling energy.))
((Your rich purple scales are hard. (AC +7)))
You cannot fit into any form of body armour.
((You are cold-blooded and may be slowed by cold attacks.))


   Skills:
 - Level 1.1 Fighting
 - Level 1.7 Dodging
 - Level 3.0 Unarmed Combat
 + Level 6.9 Spellcasting
 * Level 8.7 Transmutations
 * Level 7.4 Ice Magic
 - Level 1.5 Poison Magic


You had 11 spell levels left.
You knew the following spells:

 Your Spells              Type           Power      Damage    Failure   Level
a - Beastly Appendage     Tmut           70%        N/A       1%          1
b - Wereblood             Tmut           35%        N/A       1%          2
c - Spider Form           Tmut/Pois      23%        N/A       4%          3
d - Ice Form              Ice/Tmut       33%        N/A       4%          4

Your spell library contained the following spells:

 Spells                   Type           Power      Damage    Failure   Level
 Foxfire                  Conj/Fire      20%        2x1d5     12%         1
 Shock                    Conj/Air       20%        1d4       12%         1
 Static Discharge         Conj/Air       10%        2-3/arc   19%         2
 Inner Flame              Hex/Fire       5%         N/A       34%         3
 Kindle Blastsparks       Fire/Tloc/Air  10%        2d10      34%         3
 Stone Arrow              Conj/Erth      10%        3d7       34%         3
 Swiftness                Air            5%         N/A       34%         3
 Vhi's Electric Charge    Tloc/Air       10%        N/A       34%         3
 Airstrike                Air            2%         2d(1-17)  75%         4
 Fulminant Prism          Conj/Hex       2%         3d5       75%         4
 Iskenderun's Mystic Bla  Conj/Tloc      5%         2d3       75%         4
 Arcjolt                  Conj/Air       2%         1d12      97%         5
 Lee's Rapid Deconstruct  Erth           2%         3d5*      97%         5
 Lightning Bolt           Conj/Air       2%         1d14      97%         5
 Summon Forest            Summ/Tloc      2%         N/A       97%         5
 Summon Mana Viper        Hex/Summ       5%         N/A       97%         5
 Summon Cactus Giant      Summ           2%         N/A       100%        6

Inventory:

Hand Weapons
 e - a +1 hand axe of electrocution (melded)
   (You found it on level 1 of the Dungeon)
Missiles
 i - 18 boomerangs
 r - 37 stones
Armour
 t - a +1 pair of boots (melded)
   (You found it on level 4 of the Dungeon)
Jewellery
 c - a ring of protection from cold
   (You found it on level 6 of the Dungeon)
 f - a ring of protection from fire
   (You found it on level 5 of the Dungeon)
 s - a ring of willpower (left front paw)
   (You took it off a gnoll on level 4 of the Dungeon)
 A - an amulet of the acrobat (around neck)
   (You found it on level 1 of the Dungeon)
 C - a ring of ice
   (You found it on level 1 of the Dungeon)
 F - a ring of protection from fire (right front paw)
   (You found it on level 3 of the Dungeon)
 L - a ring of flight
   (You found it on level 3 of the Dungeon)
Wands
 b - a wand of flame (29)
   (You found it on level 6 of the Dungeon)
 m - a wand of mindburst (6)
   (You found it on level 4 of the Dungeon)
Scrolls
 g - 3 scrolls of teleportation {@r4}
 k - 2 scrolls of noise {!r}
 o - a scroll of magic mapping {!r}
 u - 4 scrolls of fear
 x - a scroll of enchant armour
Potions
 a - 2 potions of lignification {!q}
 d - a potion of ambrosia
 h - a potion of mutation {!q}
 j - a potion of heal wounds {@q2}
 l - 7 potions of curing {@q1}
 n - a potion of invisibility {unknown}
 p - a potion of haste {@q3}
 q - a potion of resistance
 v - a potion of attraction {!q}
 w - 5 potions of brilliance

Dungeon Overview and Level Annotations

Branches:
Dungeon (8/15) Zot: 26040  Temple (1/1) D:7 Zot: 5739
   Lair: D:8-11

Altars:
Ashenzari
Cheibriados
Dithmenos
Elyvilon
Fedhas
Gozag
Hepliaklqana
Kikubaaqudgha
Makhleb
Nemelex Xobeh
Okawaru
Qazlal
Ru
Sif Muna
Trog
Uskayaw
Vehumet
Wu Jian
Xom
Yredelemnul
Zin
The Shining One

Shops:
D:3

= ..... ##. .....
....##### #. .....
......... #. .<...
........# #. .....
........# #. #+#.#
#....?.# #. .#
##......+ #. .
......O.######## #.
###.###
#...Y.......# #.
......
#.#..♣♣........# #.
####.# .#.#.♣
♣♣♣......# #. ####.#
#.#...♣ ♣.#.#### #.
..)).# #.#>..♣ ♣...#
#. ...[.# #.#...♣
♣..## #.
+##))###.#...♣ ♣♣.##
######'
...#..##.#...♣♣♣♣..#
#......
...##..#.#.........#
#......


You could see a two-headed ogre.


Message History

😱 HP[-4]
You take 4 damage, and now have 16/76 hp.
Unknown command.
You hit the gnoll. You freeze the gnoll.
You howl as the wereblood boils in your veins!
The gnoll barely misses you.
The gnoll closely misses you. 😱 HP[+1] Unknown command.
You punch the gnoll! You freeze the gnoll.
You feel a bit better.
You kill the gnoll!
The gnoll closely misses you. 😱 HP[+1] Unknown command.
You punch the gnoll! You freeze the gnoll.
You feel a bit better.
You kill the gnoll!
You howl as the wereblood boils in your veins! 😨 HP[+2]
You regained 2 hp, and now have 20/76 hp.
Found a stone staircase leading down.
You see here a +0 halberd. 😨 HP[+1] MP[+1]
There is a stone staircase leading up here. 😨 HP[+1]
You climb upwards.
Your primal bloodlust is almost over.
There is a stone staircase leading down here. 😨 HP[+1] MP[+1]
Your primal bloodlust has ended.
Your transformation is almost over.
You warm up again.
Your +1 hand axe of electrocution unmelds from your body.
Your +1 pair of boots unmelds from your body.
You hear the crackle of electricity.
Done exploring. 😕 HP[+31] MP[+1]
You now have 64 max hp (-12).
You regained 31 hp, and now have 54/64 hp.
Your mp is fully restored (19).
Done exploring.
Done exploring.
Done exploring.
(D) Dungeon (T) Temple
Where to? (Enter - D:8, ? - help)
You climb downwards.
There is a stone staircase leading up here.
There is a stone staircase leading down here.
There is a stone staircase leading down here.
Found an escape hatch in the floor. 😎 HP[+10]
Your hp is fully restored (64).
A two-headed ogre comes into view.
It is wielding a +0 giant spiked club and a +0 giant club.
A two-headed ogre is nearby!
A two-headed ogre is nearby!
Okay, then.
Unknown command.
Aiming: Breathe Dispelling Energy (4% risk of failure)
Press: ? - help, Shift-Dir - straight line, f - two-headed ogre
Aim: a two-headed ogre, wielding a +0 giant spiked club and a +0 giant club (78% to hit)
You breathe a bolt of dispelling energy.
The bolt of dispelling energy hits the two-headed ogre.
Okay, then.
Unknown command.
A two-headed ogre is nearby!
Unknown command.
Aiming: Mindburst
Press: ? - help, Shift-Dir - straight line, f/p - two-headed ogre
Aim: a two-headed ogre, wielding a +0 giant spiked club and a +0 giant club (lightly wounded, chance to affect: 47%)
The two-headed ogre's minds are blasted!
Aiming: Mindburst
Press: ? - help, Shift-Dir - straight line, f/p - two-headed ogre
Aim: a two-headed ogre, wielding a +0 giant spiked club and a +0 giant club (moderately wounded, chance to affect: 47%)
The two-headed ogre's minds are blasted!
Casting: Wereblood (safe; 1% risk of failure)
Confirm with . or Enter, or press ? or * to list all spells.
You turn into a creature of crystalline ice.
Your +1 hand axe of electrocution melds into your body.
Your +1 pair of boots melds into your body.
Your +1 hand axe of electrocution stops crackling. 😎 HP[+12] MP[-4]
You now have 76 max hp (+12).
Your hp is fully restored (76).
You lost 4 mp, and now have 15/19 mp.
Okay, then.
You hit the two-headed ogre. You freeze the two-headed ogre.
The two-headed ogre hits you with a +0 giant spiked club!
The two-headed ogre hits you with a +0 giant club! 😮 HP[-24]
You take 24 damage, and now have 52/76 hp.
MASSIVE DAMAGE!! (PAUSE)
You punch the two-headed ogre! You freeze the two-headed ogre.
You hit the two-headed ogre. You freeze the two-headed ogre.
The two-headed ogre hits you with a +0 giant spiked club!!
* * * LOW HITPOINT WARNING * * *
The two-headed ogre closely misses you. 😨 HP[-22]
You take 22 damage, and now have 30/76 hp.
MASSIVE DAMAGE!! (PAUSE)
You hit the two-headed ogre but do no damage.
You have got your breath back.
The two-headed ogre hits you with a +0 giant spiked club!!
You die...

Skill      XL: |  1  2  3  4  5  6  7  8  9 |
---------------+----------------------------+-----
Transmutations | 3 4 5 6 8 |  8.7
Poison Magic   | 1 |  1.5
Spellcasting   | 3 4 5 6 |  6.9
Ice Magic      | 1 3 4 6 7 |  7.4
Fighting       | |  1.1
Dodging        | |  1.7
Unarmed Combat | |  3.0

Action                   |  1- 3 |  4- 6 |  7- 9 || total
-------------------------+-------+-------+-------++-------
Melee: Unarmed           |    10 |    47 |   229 ||   286
       Hand axe          |    94 |    63 |       ||   157
       Tailslap          |    10 |     7 |       ||    17
       Kick              |     6 |    10 |       ||    16
       Headbutt          |     1 |     6 |       ||     7
       Punch             |     1 |       |       ||     1
 Cast: Beastly Appendage |     6 |    10 |       ||    16
       Spider Form       |       |     7 |     2 ||     9
       Ice Form          |       |       |    26 ||    26
       Wereblood         |       |       |     2 ||     2
 Abil: Breathe Dispellin |       |       |     1 ||     1
Evoke: Wand              |       |       |     2 ||     2
  Use: Scroll            |       |     2 |    18 ||    20
       Potion            |       |       |     1 ||     1
 Stab: Sleeping          |       |     1 |       ||     1
Armor: Skin              |    39 |    25 |    75 ||   139
Dodge: Dodged            |    95 |   101 |   185 ||   381

Levels and vault maps discovered:
D:1:      psy_arrival_conway, layout_rooms
D:2:      layout_loops_ring, serial_forest, infiniplex_forest_lined_3_way,
          infiniplex_forest_straight_4, infiniplex_forest_end_1,
          infiniplex_forest_clump_long, infiniplex_forest_lined_3,
          infiniplex_forest_lined_2, infiniplex_forest_clump_curved,
          infiniplex_forest_clump_tiny, infiniplex_forest_lined_room_3
D:3:      layout_loops_ring, mainiacjoe_overflow_small_starburst, serial_shops,
          nicolae_shop_advertising_works [nicolae_subvault_shop_adworks]
D:4:      layout_cave_pools, gammafunk_ghost_grave
D:5:      layout_rooms
D:6:      layout_gridville
D:7:      layout_rooms, minmay_temple_entry_waves
D:8:      layout_basic, grunt_decor_junction, nrook_campfire, roderic_lattice_a,
          chequers_arboretum
Temple:   kilobyte_greek_temple

Notes
Turn   | Place    | Note
-------+----------+-------------------------------------------
     0 | D:1      | kae the Draconian Transmuter began the quest for the Orb.
     0 | D:1      | Reached XP level 1. HP: 16/16 MP: 3/3
     0 | D:1      | magus.rc [v1.11.3]
   165 | D:1      | Reached XP level 2. HP: 23/23 MP: 5/5
   563 | D:2      | Reached skill level 3 in Transmutations
   682 | D:2      | Reached XP level 3. HP: 24/28 MP: 6/6
   685 | D:2      | Learned a level 2 spell: Wereblood
   689 | D:2      | Learned a level 3 spell: Spider Form
  1153 | D:2      | You pick up a book of Blasting and begin reading...
  1153 | D:2      | You add the spells Kindle Blastsparks, Fulminant Prism,
                  | Iskenderun's Mystic Blast and Lee's Rapid Deconstruction to
                  | your library.
  1206 | D:2      | You pick up a book of Changes and begin reading...
  1714 | D:2      | Reached XP level 4. HP: 25/35 MP: 8/8
  1829 | D:3      | Reached skill level 1 in Poison Magic
  1918 | D:3      | Reached skill level 4 in Transmutations
  1961 | D:3      | Found Yjefac's Jewellery Boutique.
  2052 | D:3      | Reached skill level 3 in Spellcasting
  2052 | D:3      | Reached XP level 5. HP: 38/40 MP: 9/9
  2059 | D:3      | Learned a level 4 spell: Ice Form
  2067 | D:3      | You pick up a book of the Wilderness and begin reading...
  2067 | D:3      | You add the spells Summon Forest, Summon Mana Viper and
                  | Summon Cactus Giant to your library.
  2111 | D:3      | Found a shimmering blue altar of Sif Muna.
  2678 | D:4      | Noticed a centaur
  2696 | D:4      | Killed a centaur
  2697 | D:4      | Reached skill level 1 in Ice Magic
  2757 | D:4      | Reached XP level 6. HP: 27/47 MP: 9/11
  2874 | D:4      | Reached skill level 2 in Ice Magic
  2879 | D:4      | Reached skill level 5 in Transmutations
  3025 | D:4      | You add the spells Foxfire, Static Discharge, Stone Arrow,
                  | Inner Flame and Arcjolt to your library.
  3025 | D:4      | Got the Commentary on Damage Dealing and Bewitchment
  3189 | D:4      | Reached skill level 3 in Ice Magic
  3209 | D:4      | Found a runed translucent door.
  3245 | D:4      | Your scales start taking on a rich purple colour.
  3245 | D:4      | Reached skill level 4 in Spellcasting
  3245 | D:4      | Reached XP level 7. HP: 52/52 MP: 10/13
  3396 | D:4      | Noticed DEFE's ghost (amateur DEHs)
  3580 | D:4      | Killed DEFE's ghost
  3629 | D:5      | Entered Level 5 of the Dungeon
  3662 | D:5      | You pick up a book of Lightning and begin reading...
  3662 | D:5      | You add the spells Vhi's Electric Charge and Lightning Bolt
                  | to your library.
  3818 | D:5      | Noticed a steam dragon
  3847 | D:5      | Killed a steam dragon
  3848 | D:5      | Reached skill level 5 in Spellcasting
  3848 | D:5      | Reached skill level 6 in Transmutations
  3848 | D:5      | Reached skill level 4 in Ice Magic
  4619 | D:6      | HP: 11/62 [acid (9)]
  4828 | D:6      | Reached XP level 8. HP: 51/59 MP: 12/15
  5199 | D:6      | Reached skill level 5 in Ice Magic
  5207 | D:6      | HP: 14/70 [centaur/arrow (8)]
  5213 | D:6      | Reached skill level 7 in Transmutations
  5570 | D:6      | HP: 13/61 [wight/+3 long sword (3)]
  5571 | D:6      | HP: 4/61 [wight/+3 long sword (10)]
  5583 | D:6      | Reached skill level 6 in Spellcasting
  5583 | D:6      | Reached skill level 6 in Ice Magic
  5820 | D:6      | HP: 12/55 [wight/+0 great sword (8)]
  5824 | D:6      | HP: 2/58 [wight/+0 great sword (12)]
  6034 | D:7      | You pick up a book of Air and begin reading...
  6034 | D:7      | You add the spells Shock, Swiftness and Airstrike to your
                  | library.
  6244 | D:7      | Reached skill level 8 in Transmutations
  6244 | D:7      | Reached XP level 9. HP: 64/64 MP: 13/18
  6426 | D:7      | Found a staircase to the Ecumenical Temple.
  6433 | Temple   | Entered the Ecumenical Temple
  6657 | Temple   | Became a worshipper of Ru the Awakened
  6825 | D:7      | Identified the +5 rapier "Voclur" {drain, rC+}
  6873 | D:7      | Reached skill level 7 in Ice Magic
  7732 | D:8      | HP: 16/76 [gnoll/+0 spear[a gnoll sergeant] (4)]
  7922 | D:8      | Noticed a two-headed ogre
  7931 | D:8      | Slain by a two-headed ogre

Vanquished Creatures
  A steam dragon (D:5)
  An acid dragon (D:8)
  A water moccasin (D:6)
  An ice beast (D:7)
  A sky beast (D:7)
  A black bear (D:7)
  2 ogres
  4 centaurs
  A phantom (D:7)
  The ghost of DEFE the Shooter, an amateur DEHs of Okawaru (D:4)
  2 bullfrogs
  3 scorpions
  A gnoll sergeant (D:8)
  5 wights
  6 hounds
  3 jellies
  4 orc priests (D:8)
  2 iguanas (D:6)
  4 orc wizards
  6 adders
  7 gnolls
  2 shadow imps
  3 white imps
  2 ufetubi
  2 worms (D:3)
  22 orcs
  5 bats
  6 endoplasms
  2 giant cockroaches (D:1)
  7 goblins
  7 hobgoblins
  7 kobolds
  5 quokkas
  6 ball pythons
  2 frilled lizards
  5 rats
140 creatures vanquished.

Vanquished Creatures (others)
  2 plants (D:2)
2 creatures vanquished.

Grand Total: 142 creatures vanquished

Table legend:
 A = Non-vault XP
 B = Vault XP
 C = Vault XP percentage of total XP
 D = Non-vault monster count
 E = Vault monster count
 F = Vault count percentage of total count
                 A         B        C        D         E       F
            +---------+---------+-------+---------+---------+-------
      Total |    3771 |      96 |   2.5 |     139 |       1 |   0.7
            +---------+---------+-------+---------+---------+-------
        D:1 |      26 |       0 |   0.0 |      15 |       0 |   0.0
        D:2 |      71 |       0 |   0.0 |      21 |       0 |   0.0
        D:3 |     184 |       0 |   0.0 |      28 |       0 |   0.0
        D:4 |     495 |      96 |  16.2 |      15 |       1 |   6.2
        D:5 |     279 |       0 |   0.0 |      10 |       0 |   0.0
        D:6 |    1251 |       0 |   0.0 |      20 |       0 |   0.0
        D:7 |     884 |       0 |   0.0 |      12 |       0 |   0.0
        D:8 |     581 |       0 |   0.0 |      18 |       0 |   0.0
            +---------+---------+-------+---------+---------+-------

Illustrated notes

Table legend:
 A = Kills in this place as a percentage of kills in entire the game.
 B = Kills by you in this place as a percentage of kills by you in the entire game.
 C = Kills by friends in this place as a percentage of kills by friends in the entire game.
 D = Other kills in this place as a percentage of other kills in the entire game.
 E = Experience gained in this place as a percentage of experience gained in the entire game.
 F = Experience gained in this place divided by the number of levels of this place that you have seen.
                   A       B       C       D       E      F
               +-------+-------+-------+-------+-------+----------------------
         Total | 100.0 | 100.0 |   N/A |   N/A | 100.0 | 429.7
       Dungeon | 100.0 | 100.0 |   N/A |   N/A | 100.0 | 483.4
               +-------+-------+-------+-------+-------+----------------------

Table legend: (Time is in decaauts)
 A = Elapsed time spent in this place.
 B = Non-inter-level travel time spent in this place.
 C = Inter-level travel time spent in this place.
 D = Time resting spent in this place.
 E = Time spent auto-exploring this place.
 F = Levels seen in this place.
 G = Mean time per level.
                   A        B        C        D        E       F      G
               +--------+--------+--------+--------+--------+-----+--------+
         Total |   7968 |   7754 |    214 |    640 |   5987 |   9 |  885.3 |
       Dungeon |   7708 |   7546 |    162 |    640 |   5786 |   8 |  963.5 |
        Temple |    260 |    208 |     52 |      0 |    201 |   1 |  260.0 |
               +--------+--------+--------+--------+--------+-----+--------+

Top non-repeatable levels by time:
     D:6: 1718 daAuts
     D:2: 1213 daAuts
     D:3: 1044 daAuts
     D:4: 870 daAuts
     D:7: 839 daAuts
     D:8: 835 daAuts
     D:5: 636 daAuts
     D:1: 549 daAuts
  Temple: 260 daAuts
